 Dungeon Sprint DCSS version 0.26-a0-757-g626ac9e51a (webtiles) character file.

Game seed: 10688547858599323846

345 rocky1 the Frost Mage (level 6, -3/49 HPs)
             Began as a Merfolk Ice Elementalist on Nov 8, 2020.
             Was a Believer of Sif Muna.
             Killed from afar by Dowan (21 damage)
             ... with a shard of ice
             ... in the Dungeon (Sprint VII: "The Pits").
             The game lasted 00:03:34 (290 turns).

rocky1 the Frost Mage (Merfolk Ice Elementalist)     Turns: 290, Time: 00:03:34

Health: -3/49      AC: 10    Str:  8    XL:     6   Next: 58%
Magic:  2/12       EV: 15    Int: 17    God:    Sif Muna [**....]
Gold:   0          SH:  0    Dex: 14    Spells: 2/13 levels left

rFire    . . .     SeeInvis .   n - +0 trident (vorpal)
rCold    . . .     Faith    .   (no shield)
rNeg     . . .     Spirit   .   a - +0 robe
rPois    .         Reflect  .   (no helmet)
rElec    .         Harm     .   (no cloak)
rCorr    .         Rampage  .   (no gloves)
MR       .....     NoTele   +   (no boots)
Stlth    ++........             (no amulet)
HPRegen  0.16/turn              (no ring)
MPRegen  0.13/turn              (no ring)

@: icy armour, frozen ramparts
A: change form in water, swift swim, stealthy swim
a: Channel Magic, Renounce Religion


You were in the Dungeon.
You worshipped Sif Muna.
Sif Muna was pleased with you.
You visited 1 branch

Inventory:

Hand Weapons
 l - a +2 trident
 m - a +2 quarterstaff of protection
 n - a +0 vorpal trident (weapon)
Armour
 a - a +0 robe (worn)
 o - a +0 leather armour
Scrolls
 h - a scroll of blinking
 i - 3 scrolls of remove curse
 j - 5 scrolls of amnesia
 k - a scroll of summoning
Potions
 b - 2 potions of invisibility
 c - 6 potions of curing
 d - 6 potions of heal wounds
 e - a potion of haste
 f - 4 potions of magic
 g - 3 potions of berserk rage


   Skills:
 + Level 4.5 Fighting
 + Level 6.0 Polearms
 + Level 6.0 Dodging
 - Level 2.1 Stealth
 + Level 4.2 Spellcasting
 + Level 11.2 Ice Magic
 + Level 4.2 Invocations


You had 2 spell levels left.
You knew the following spells:

 Your Spells              Type           Power        Failure   Level
a - Freeze                Ice            ####         1%          1
b - Frozen Ramparts       Ice            #####.       1%          3
c - Ozocubu's Armour      Ice            #####...     1%          3
d - Hailstorm             Conj/Ice       ###.....     16%         4

Your spell library contained the following spells:

 Spells                   Type           Power        Failure   Level
 Summon Ice Beast         Ice/Summ       ###.....     16%         4


Dungeon Overview and Level Annotations

Branches:
Dungeon (1/1)

Altars:
Ashenzari
Cheibriados
Dithmenos
Elyvilon
Fedhas
Gozag
Hepliaklqana
Kikubaaqudgha
Makhleb
Nemelex Xobeh
Okawaru
Qazlal
Ru
Sif Muna
Trog
Uskayaw
Vehumet
Wu Jian
Xom
Yredelemnul
Zin
The Shining One
Beogh
Jiyva
Lugonu

Annotations:
D Dowan


Message History

Casting: Ozocubu's Armour (safe; 1% risk of failure)
Confirm with . or Enter, or press ? or * to list all spells.
The walls around you are covered in ice.
Dowan shouts!
Dowan seems to find hidden reserves of power!
The wall freezes Dowan.
Unknown command.
Casting: Frozen Ramparts (safe; 1% risk of failure)
Confirm with . or Enter, or press ? or * to list all spells.
A film of ice covers your body!
The wall freezes Dowan.
Dowan hits you but does no damage.
The wall freezes Dowan.
Dowan points at you and mumbles some strange words.
The shard of ice hits you!!
Unknown command.
You barely miss Dowan.
Dowan is heavily wounded.
The wall freezes Dowan.
Dowan gestures at you while chanting. The shard of ice hits you!!
You die...

#'#####'#####.....
#.#.....#..##.....
#.#.....#))#####'#
#.###'###).##.....
#.#.†...#).##.....
#.#.....#[[##.....
#.####'##'###...<.
#.#..).†...##.....
#@#........##.....
#e###########.....
#...e...# ######
#.###...# #.# .#
#.# #.. #.. #o.


You could see Dowan (fast).

Vanquished Creatures
  A fire bat (D)
  Duvessa (D)
  A floating eye (D)
  An adder (D)
  An orc (D)
  2 bats (D)
  A giant cockroach (D)
  A ball python (D)
  A ball python skeleton (D)
10 creatures vanquished.

Vanquished Creatures (others)
  2 Orb Guardians (D)
  A cacodemon (D)
  A reaper (D)
  A black draconian (D)
  A white draconian (D)
  A hell knight (D)
7 creatures vanquished.

Grand Total: 17 creatures vanquished

Notes
Turn   | Place    | Note
-------+----------+-------------------------------------------
     0 | D        | rocky1 the Merfolk Ice Elementalist began the quest for the
                  | Orb.
     0 | D        | Reached XP level 1. HP: 13/13 MP: 3/3
     8 | D        | Killed an Orb Guardian
    11 | D        | Noticed a floating eye
    17 | D        | Paralysed by a floating eye for 3 turns
    23 | D        | Paralysed by a floating eye for 2 turns
    27 | D        | Killed a floating eye
    27 | D        | Reached skill level 10 in Ice Magic
    27 | D        | Reached XP level 2. HP: 19/19 MP: 5/5
    27 | D        | Reached XP level 3. HP: 24/24 MP: 6/6
    27 | D        | Reached XP level 4. HP: 30/30 MP: 7/7
    32 | D        | Learned a level 3 spell: Frozen Ramparts
    36 | D        | Learned a level 3 spell: Ozocubu's Armour
    65 | D        | Found a bloodstained altar of Trog.
    65 | D        | Found a shimmering blue altar of Sif Muna.
    65 | D        | Found a viscous altar of Jiyva.
    65 | D        | Found a hazy altar of Hepliaklqana.
    65 | D        | Found an opulent altar of Gozag.
    66 | D        | Found a glowing golden altar of the Shining One.
    66 | D        | Found a glowing silver altar of Zin.
    66 | D        | Found a basalt altar of Yredelemnul.
    66 | D        | Found a shimmering altar of Xom.
    66 | D        | Found an ornate altar of the Wu Jian Council.
    66 | D        | Found a sacrificial altar of Ru.
    66 | D        | Found a stormy altar of Qazlal.
    66 | D        | Found an iron altar of Okawaru.
    66 | D        | Found a sparkling altar of Nemelex Xobeh.
    66 | D        | Found a burning altar of Makhleb.
    66 | D        | Found a blossoming altar of Fedhas.
    66 | D        | Found a white marble altar of Elyvilon.
    66 | D        | Found a shadowy altar of Dithmenos.
    66 | D        | Found a snail-covered altar of Cheibriados.
    68 | D        | Found a radiant altar of Vehumet.
    68 | D        | Found a corrupted altar of Lugonu.
    68 | D        | Found a roughly hewn altar of Beogh.
    68 | D        | Killed a white draconian
    69 | D        | Found a hide-covered altar of Uskayaw.
    69 | D        | Found an ancient bone altar of Kikubaaqudgha.
    69 | D        | Found a broken altar of Ashenzari.
    71 | D        | Became a worshipper of Sif Muna the Loreminder
    78 | D        | Killed a black draconian
    78 | D        | Killed an Orb Guardian
    88 | D        | Reached skill level 1 in Polearms
    95 | D        | Reached * piety under Sif Muna
   104 | D        | Killed a cacodemon
   114 | D        | Noticed a fire bat
   116 | D        | Killed a fire bat
   116 | D        | Reached skill level 5 in Dodging
   116 | D        | Reached skill level 11 in Ice Magic
   116 | D        | Reached XP level 5. HP: 25/41 MP: 3/10
   116 | D        | Reached XP level 6. HP: 29/47 MP: 3/11
   116 | D        | Reached ** piety under Sif Muna
   128 | D        | Killed a hell knight
   263 | D        | Noticed Duvessa
   263 | D        | Killed a reaper
   274 | D        | Killed Duvessa
   283 | D        | Learned a level 4 spell: Hailstorm
   287 | D        | Noticed Dowan
   290 | D        | Killed from afar by Dowan

Illustrated notes

Levels and vault maps discovered:
D:        pitsprint [storerooms_1, entrance_room_1, metal_vault_4, armoury_2,
          mini_pit_1, grid_room_1, main_hall_1, silver_pit, the_coven_3,
          the_vestibule_1, steel_vault_4, golden_pit, hallway_of_sentries,
          crystal_vault_4, iron_vault_2, final_vault]

Skill      XL: |  1  2  3  4  5  6 |
---------------+-------------------+-----
Ice Magic      | 10 11 | 11.2
Polearms       | 4 6 |  6.0
Dodging        | 5 6 |  6.0
Fighting       | 3 4 |  4.5
Spellcasting   | 3 4 |  4.2
Invocations    | 3 4 |  4.2
Stealth        | |  2.1

Action                   |  1- 3 |  4- 6 || total
-------------------------+-------+-------++-------
Melee: Unarmed           |    11 |       ||    11
       Trident           |       |    19 ||    19
 Cast: Freeze            |       |     2 ||     2
       Frozen Ramparts   |       |     3 ||     3
       Ozocubu's Armour  |       |     2 ||     2
 Stab: Sleeping          |     1 |     4 ||     5
Armor: Robe              |       |     8 ||     8
Dodge: Dodged            |       |     9 ||     9

Table legend: (Time is in decaauts)
 A = Elapsed time spent in this place.
 B = Non-inter-level travel time spent in this place.
 C = Inter-level travel time spent in this place.
 D = Time resting spent in this place.
 E = Time spent auto-exploring this place.
 F = Levels seen in this place.
 G = Mean time per level.
                   A        B        C        D        E       F      G
               +--------+--------+--------+--------+--------+-----+--------+
         Total |    292 |    292 |      0 |     96 |      0 |   1 |  292.0 |
       Dungeon |    292 |    292 |      0 |     96 |      0 |   1 |  292.0 |
               +--------+--------+--------+--------+--------+-----+--------+

Top non-repeatable levels by time:
       D: 292 daAuts
